[Event "Early-Titled-Tuesday-Blitz-February-06-2024"]
[Site "Chess.com"]
[Date "2024.02.06"]
[Round "11"]
[White "VinzentSpitzl"]
[Black "salomez"]
[Result "0-1"]
[WhiteElo "2457"]
[BlackElo "2323"]
[TimeControl "180+1"]
[EndTime "10:06:43 PST"]
[Termination "salomez won by resignation"]

1. e4 c5 2. Nf3 e6 3. d4 cxd4 4. Nxd4 Nf6 5. Nc3 Nc6 6. Ndb5 d6 7. Bf4 e5 8. Bg5 a6 9. Na3 b5 10. Nd5 Be7 11. Bxf6 Bxf6 12. c4 b4 13. Nc2 O-O 14. g3 Rb8 15. b3 Bg5 16. h4 Bh6 17. Bh3 Be6 18. Kf1 a5 19. Kg2 a4 20. Qh5 axb3 21. axb3 Bxd5 22. cxd5 Na5 23. Bf5 Nxb3 24. Rab1 Nd4 25.
Nxd4 exd4 26. g4 Qe7 27. g5 g6 28. Qxh6 gxf5 29. exf5 Qe4+ 30. Kg3 Qxf5 31. Qxd6 b3 32. Rhd1 b2 33. Qf4 Rb3+ 34. f3 Qxd5 35. Rxd4 Rxf3+ 36. Qxf3 Qxd4 37. h5 Rc8 38. Rd1 Rc3 39. Rxd4 Rxf3+ 40. Kxf3 b1=Q 41. h6 Qf5+ 42. Kg3 Qxg5+ 43. Rg4 Qg6 44. Kf4 Kh8 45. Rxg6 hxg6 46. Kg5 Kh7 0-1

[Event "Early-Titled-Tuesday-Blitz-February-06-2024"]
[Site "Chess.com"]
[Date "2024.02.06"]
[Round "11"]
[White "SabinaFoisor"]
[Black "tarno17"]
[Result "1-0"]
[WhiteElo "2335"]
[BlackElo "2132"]
[TimeControl "180+1"]
[EndTime "10:06:43 PST"]
[Termination "SabinaFoisor won by checkmate"]

1. d4 d5 2. c4 e6 3. Nc3 Nf6 4. cxd5 exd5 5. Bg5 Be7 6. Qc2 O-O 7. e3 h6 8. Bh4 c6 9. Bd3 b6 10. Nge2 Bb7 11.
O-O Nbd7 12. f3 c5 13. Bf2 Rc8 14. Qd2 cxd4 15. exd4 Bd6 16. Bg3 Bxg3 17. Nxg3 Re8 18. Rae1 Nf8 19. Nf5 Ng6 20. Rxe8+ Qxe8 21. Nd6 Qd7 22.
Nxc8 Bxc8 23. Re1 Nh5 24. Bxg6 fxg6 25. Re5 Nf6 26. Qe2 Kf8 27. Qb5 Qxb5 28. Nxb5 a6 29. Nc7 Bb7 30. Ne6+ Kg8 31. Nd8 Bc8 32. h4 Bd7 33. g4 Kf8 34. g5 hxg5 35. hxg5 Nh7 36. Rxd5 Bf5 37. f4 Ke7 38. Nc6+ Ke6 39. Rd8 Be4 40.
Ne5 Kf5 41. Rh8 Kxf4 42. Rxh7 Kxg5 43. Rxg7 Bf5 44. Rb7 Kf4 45. Rxb6 g5 46. Rxa6 g4 47. Rf6 g3 48. Kg2 Kg5 49. Rxf5+ Kxf5 50. Kxg3 Ke4 51. Nf3 Kd3 52. Kf4 Kc4 53. d5 Kxd5 54. Ke3 Kc4 55. Kd2 Kb4 56. Kc2 Ka4 57. Kc3 Kb5 58. Nd4+ Ka5 59. b3 Kb6 60. a4 Ka5 61. Kc4 Kb6 62. b4 Ka6 63. Kc5 Kb7 64. b5 Ka7 65. a5 Kb7 66.
a6+ Ka7 67. Kc6 Kb8 68. b6 Ka8 69. b7+ Ka7 70. Nb5+ Kxa6 71. b8=Q Ka5 72. Nd4 Ka4 73. Qb3+ Ka5 74. Qb5# 1-0

[Event "Early-Titled-Tuesday-Blitz-February-06-2024"]
[Site "Chess.com"]
[Date "2024.02.06"]
[Round "11"]
[White "FormerProdigy"]
[Black "Payyappat"]
[Result "1-0"]
[WhiteElo "2987"]
[BlackElo "2520"]
[TimeControl "180+1"]
[EndTime "10:06:44 PST"]
[Termination "FormerProdigy won by checkmate"]

1. d4 Nf6 2. c4 c5 3. d5 e6 4.
Nc3 exd5 5. cxd5 g6 6. e4 d6 7.
f4 Bg7 8. Bb5+ Nfd7 9. a4 O-O 10. Nf3 Na6 11. O-O Nb4 12. f5 a6 13. Bxd7 Bxd7 14.
Bg5 f6 15. Bf4 Re8 16. g4 Qc7 17. Kh1 b5 18. axb5 axb5 19. Rxa8 Rxa8 20. Qe2 c4 21. Nd4 Nd3 22. Bg3 b4 23. Nd1 Qc5 24. Ne6 Bxe6 25.
fxe6 Ra1 26. g5 f5 27. e7 Kf7 28. e8=Q+ Kxe8 29. exf5+ Be5 30. Qf3 gxf5 31. Bh4 Qd4 32.
Qh5+ Kd8 33. g6+ Kc7 34. Qxh7+ Kb6 35. Bd8+ Ka6 36. Qh3 Rxd1 37. Rxd1 Nf2+ 38. Kg2 Nxd1 39. Bg5 f4 40. Qc8+ Kb5 41. Qc6+ Ka5 42. Bd8+ Qb6 43. Bxb6+ Ka6 44. Bc7+ Ka7 45. Qb6+ Ka8 46. Qb8# 1-0

[Event "Early-Titled-Tuesday-Blitz-February-06-2024"]
[Site "Chess.com"]
[Date "2024.02.06"]
[Round "11"]
[White "ImportedItalianMaple"]
[Black "ansko1999"]
[Result "0-1"]
[WhiteElo "2510"]
[BlackElo "2681"]
[TimeControl "180+1"]
[EndTime "10:06:44 PST"]
[Termination "ansko1999 won on time"]

1. Nf3 b6 2. e4 Bb7 3. Nc3 e6 4.
a3 Nf6 5. e5 Nd5 6. Nxd5 Bxd5 7.
c4 Bb7 8. d4 d6 9. Bf4 Nd7 10.
exd6 Bxd6 11. Bxd6 cxd6 12. Bd3 O-O 13. O-O d5 14. b3 dxc4 15. bxc4 Qf6 16. Qe2 Bxf3 17. Qxf3 Qxd4 18. Rad1 Qf6 19. Bxh7+ Kxh7 20. Qe4+ Qg6 21.
Qh4+ Qh6 22. Qe4+ f5 23. Qc6 Ne5 24. Qc7 Qf4 25. Rd7 Rg8 26. Re1 Ng6 27. Qb7 Rad8 28. g3 Rxd7 29. Qxd7 Qxc4 30. Qxa7 Qc6 31. Qf7 Rf8 32. Qa7 e5 33. Rb1 b5 34. Rd1 Ra8 35.
Qf7 Qf6 36. Qb7 Rxa3 37. Qxb5 e4 38. Rd5 Rf3 39. Qb1 Ne7 40. Rb5 Nc6 41. Rb6 Qc3 42.
Qe1 Qxe1+ 0-1

[Event "Early-Titled-Tuesday-Blitz-February-06-2024"]
[Site "Chess.com"]
[Date "2024.02.06"]
[Round "11"]
[White "AttilaTurzo"]
[Black "Boundless_Strike"]
[Result "0-1"]
[WhiteElo "2476"]
[BlackElo "2661"]
[TimeControl "180+1"]
[EndTime "10:06:45 PST"]
[Termination "Boundless_Strike won on time"]

1. d4 e5 2. dxe5 d6 3. e4 Nc6 4.
Nf3 Bg4 5. Be2 Qd7 6. Be3 O-O-O 7. Nbd2 dxe5 8. c3 f5 9. exf5 Nf6 10. Qa4 Qxf5 11.
Bb5 Nd5 12. Bxc6 Nxe3 13. fxe3 bxc6 14. Qxc6 Bxf3 15. Nxf3 Qc2 16. Qa8+ Kd7 17. Rd1+ Bd6 18. Nxe5+ Ke7 19. Nc6+ Kd7 20. Nxd8 Rxd8 21. Qf3 Qxb2 22.
O-O Qxc3 23. Rc1 Qe5 24. Qf7+ Kc8 25. Qf5+ Qxf5 26. Rxf5 Re8 27. Rf3 Re4 28. h3 Ra4 29. Rc2 Kd8 30. Rf7 Be5 31. Kf2 Ke8 32. Rf5 Bd6 33. Rd5 Ke7 34. Rd3 Ke6 35. Kf3 g6 36. e4 Ra5 37. Rd5 Ra4 0-1

[Event "Early-Titled-Tuesday-Blitz-February-06-2024"]
[Site "Chess.com"]
[Date "2024.02.06"]
[Round "11"]
[White "wonderfultime"]
[Black "platy3"]
[Result "0-1"]
[WhiteElo "3047"]
[BlackElo "2947"]
[TimeControl "180+1"]
[EndTime "10:06:46 PST"]
[Termination "platy3 won on time"]

1. d4 Nf6 2. Nf3 d5 3. Bg5 c5 4. c3 e6 5. e3 Nc6 6. Nbd2 h6 7. Bh4 Bd6 8. Bd3 O-O 9. O-O b6 10. Qe2 Bb7 11. e4 Be7 12. Bxf6 Bxf6 13. e5 Be7 14. a3 a5 15. Rfe1 Qc8 16. Nf1 Ba6 17.
Rad1 Bxd3 18. Rxd3 b5 19. Ng3 b4 20. a4 Qa6 21. dxc5 Bxc5 22. Nh5 bxc3 23. bxc3 Rfc8 24.
Nd2 Bf8 25. c4 dxc4 26. Rg3 Nd4 27. Nf6+ Kh8 28. Qh5 Bb4 29. Nde4 Nf5 30. Ng5 Ra7 31. Rd1 Nxg3 32. hxg3 Qb7 33. Ng4 Bf8 34. Rd4 c3 35. Rf4 c2 36. Kh2 c1=Q 37. Ne4 Qbb1 0-1

[Event "Early-Titled-Tuesday-Blitz-February-06-2024"]
[Site "Chess.com"]
[Date "2024.02.06"]
[Round "11"]
[White "GlavkonVVS"]
[Black "GelmanAlexander"]
[Result "1-0"]
[WhiteElo "2641"]
[BlackElo "2755"]
[TimeControl "180+1"]
[EndTime "10:06:46 PST"]
[Termination "GlavkonVVS won on time"]

1. c4 c5 2. Nc3 e6 3. g3 d6 4. Bg2 a6 5. Nf3 Nf6 6. O-O Be7 7. e3 Nbd7 8. d4 O-O 9. b3 cxd4 10.
exd4 Re8 11. Re1 Qc7 12. Bb2 Nf8 13. Rc1 Bd7 14. d5 e5 15. h3 h6 16. g4 Ng6 17.
Ne2 Rac8 18. Ng3 Nf4 19. Bf1 Qa5 20. a3 b5 21. b4 Qd8 22. c5 N4xd5 23. cxd6 Bxd6 24.
Rxc8 Bxc8 25. Nxe5 Qc7 26. Qd4 Bb7 27. Bg2 Nd7 28. Bxd5 Rxe5 29. Rc1 Qxc1+ 30. Bxc1 Rxd5 31.
Qe3 Rd1+ 32. Nf1 Ne5 33. f4 Nd3 34. Qe8+ Kh7 35. Qxf7 Nxc1 36. Qxb7 Ne2+ 37. Kf2 Nxf4 38. Qe4+ Kh8 39. h4 Ra1 40. Qa8+ Kh7 41. Qxa6 Ra2+ 42.
Kf3 1-0

[Event "Early-Titled-Tuesday-Blitz-February-06-2024"]
[Site "Chess.com"]
[Date "2024.02.06"]
[Round "11"]
[White "ama18"]
[Black "ChessQueen"]
[Result "1-0"]
[WhiteElo "2564"]
[BlackElo "2673"]
[TimeControl "180+1"]
[EndTime "10:06:46 PST"]
[Termination "ama18 won by resignation"]

1. Nf3 f5 2. b3 Nf6 3. Bb2 g6 4. g3 Bg7 5. d4 O-O 6. Bg2 d6 7.
O-O Nc6 8. c4 Qe8 9. d5 Nd8 10.
Nc3 e5 11. dxe6 Nxe6 12. Rc1 Ne4 13. Qc2 Bh6 14. e3 Nxc3 15. Qxc3 Bg7 16. Qd2 Bxb2 17.
Qxb2 Qf7 18. Nd4 Rb8 19. Bd5 Re8 20. Rfd1 Qg7 21. Qa3 a6 22. c5 dxc5 23. Qxc5 c6 24. Qd6 cxd5 25. Qxb8 Bd7 26. Nxe6 Qe7 27. Qxb7 Bxe6 28.
Qxe7 Rxe7 29. Rc6 Kf7 30. Rxa6 Rc7 31. Rb6 Rc2 32. a4 Ra2 33. Rb5 g5 34. a5 f4 35.
exf4 gxf4 36. Kg2 Bg4 37. Rd3 Ke6 38. gxf4 Bf5 39. Re3+ Kd6 40. Kg3 Ra3 41. Rb6+ Kc5 42. b4+ 1-0

[Event "Early-Titled-Tuesday-Blitz-February-06-2024"]
[Site "Chess.com"]
[Date "2024.02.06"]
[Round "11"]
[White "AlmasRakhmatullaev"]
[Black "Jospem"]
[Result "0-1"]
[WhiteElo "2913"]
[BlackElo "3054"]
[TimeControl "180+1"]
[EndTime "10:06:47 PST"]
[Termination "Jospem won on time"]

1. e4 c5 2. Nf3 d6 3. d4 cxd4 4.
Qxd4 a6 5. Be2 Nc6 6. Qe3 Bg4 7. h3 Bxf3 8. Bxf3 Nf6 9. O-O g6 10. Rd1 Nd7 11. Nc3 Bg7 12. Nd5 O-O 13. c3 e6 14.
Nf4 Qc7 15. g3 Rfd8 16. Qe2 Nce5 17. Bg2 Nc4 18. Rb1 Rac8 19. b3 Na5 20. c4 Nc6 21. Be3 Nc5 22. h4 a5 23. h5 Qe7 24.
hxg6 hxg6 25. Nh3 e5 26. Bf3 Nd4 27. Bxd4 exd4 28. Nf4 Qg5 29. Kg2 Re8 30. Qc2 Be5 31.
Nd5 Kg7 32. Qd2 Qxd2 33. Rxd2 Rh8 34. Re1 Rh6 35. Rh1 Rxh1 36. Kxh1 d3 37. Kg2 Re8 38. Rd1 Rb8 39. a3 Nxb3 40. Rxd3 Nc5 41. Rd2 b5 42. cxb5 Rxb5 43. Ne3 Rb3 44. Nc4 a4 45. Rd5 Rc3 46.
Nxe5 dxe5 47. Rxe5 Nd3 0-1

[Event "Early-Titled-Tuesday-Blitz-February-06-2024"]
[Site "Chess.com"]
[Date "2024.02.06"]
[Round "11"]
[White "Leonid_Starozhilov"]
[Black "Hovik_Hayrapetyan"]
[Result "0-1"]
[WhiteElo "2721"]
[BlackElo "2891"]
[TimeControl "180+1"]
[EndTime "10:06:47 PST"]
[Termination "Hovik_Hayrapetyan won on time"]

1. e4 c5 2. Nf3 d6 3. Bb5+ Nd7 4. O-O a6 5. Bxd7+ Bxd7 6. Re1 Nf6 7. c3 Bc6 8. d4 Bxe4 9. Bg5 Bc6 10. Bxf6 gxf6 11.
c4 cxd4 12. Nxd4 Qc7 13. Nc3 Rg8 14. Nd5 Bxd5 15. cxd5 Rc8 16. Qf3 Rg5 17. Qxf6 Rxd5 18. Nf5 Re5 19. Ng7+ Bxg7 20. Qxg7 Rxe1+ 21. Rxe1 Qa5 22. Rf1 Qf5 23. Qg8+ Kd7 24. Qg3 Rc2 25. Qb3 Kc7 26. h3 Kb8 27. Qb4 Qc5 28. Qb3 e6 29. a4 h5 30. Qf3 Qf5 31. Qg3 e5 32. b4 Qf4 33.
Qg8+ Rc8 34. Qg7 Qxb4 35. Qxf7 Qxa4 36. Qxh5 Qd4 37. Qg6 a5 38. h4 a4 39. h5 a3 40.
Qb1 Qb2 41. Qd3 a2 42. Qxd6+ Ka7 43. Qd7 Rc1 44. Qa4+ Kb6 0-1

[Event "Early-Titled-Tuesday-Blitz-February-06-2024"]
[Site "Chess.com"]
[Date "2024.02.06"]
[Round "11"]
[White "AndresDelgado77"]
[Black "HeroWilczek"]
[Result "0-1"]
[WhiteElo "2351"]
[BlackElo "2475"]
[TimeControl "180+1"]
[EndTime "10:06:47 PST"]
[Termination "HeroWilczek won on time"]

1. e4 e6 2. d4 d5 3. e5 c5 4. c3 Nc6 5. Nf3 Qb6 6. Bd3 cxd4 7.
a3 dxc3 8. Nxc3 Bd7 9. b4 a5 10. b5 Nd4 11. Ng5 Rc8 12. Na4 Qc7 13. O-O h6 14.
Qh5 hxg5 15. Qxh8 Qxe5 16. Bb2 Nh6 17. Rfe1 Qf6 18. Nb6 Rd8 19. Nxd5 Nf3+ 20. gxf3 Qxb2 21. Nb6 Qd4 22. Nxd7 Rxd7 23. Rad1 Qf4 24. b6 Rd5 25. Be4 Rxd1 26. Rxd1 g4 27. Bxb7 gxf3 28. Bc6+ Ke7 29. Rd7+ Kf6 30. Rd1 Qg4+ 31. Kf1 Qg2+ 32. Ke1 Qg1+ 33.
Kd2 Qxf2+ 34. Kc3 Qc5+ 35. Kd3 Qxa3+ 36. Ke4 Qb4+ 37. Kxf3 Qc3+ 38. Ke2 Qc4+ 39. Rd3 Qc2+ 0-1

[Event "Early-Titled-Tuesday-Blitz-February-06-2024"]
[Site "Chess.com"]
[Date "2024.02.06"]
[Round "11"]
[White "Sanyura"]
[Black "jacky72"]
[Result "0-1"]
[WhiteElo "2685"]
[BlackElo "2810"]
[TimeControl "180+1"]
[EndTime "10:06:48 PST"]
[Termination "jacky72 won by resignation"]

1. e4 g6 2. d4 Bg7 3. c3 d6 4. Nf3 Nf6 5. Bd3 O-O 6. O-O Nc6 7. h3 e5 8. Bg5 h6 9. Bh4 g5 10. Bg3 g4 11. dxe5 gxf3 12. exf6 fxg2 13. Kxg2 Qxf6 14. f4 Bd7 15. Nd2 Rae8 16. Kh2 Kh8 17.
Qh5 Qg6 18. Qf3 f5 19. Rae1 fxe4 20. Bxe4 Bf5 21. Rg1 Bxe4 22. Nxe4 Qf5 23. Qg4 h5 24. Qxf5 Rxf5 25. Ng5 Ref8 26. Ne6 R8f7 27. Bh4 Bf6 28. Ng5 Rf8 29. Kg3 Ne5 30. fxe5 Bxg5 31. Bxg5 Rxg5+ 32. Kh4 Rxe5 33. Rxe5 dxe5 34. Kxh5 Rf2 35. Re1 Kg7 36. Rxe5 Kf6 37. Re8 Rxb2 38. Rc8 c6 39. a4 Rb3 40. Rc7 Kf5 41. h4 a5 42. Kh6 Ke6 43. h5 Kd6 44.
Rg7 b5 45. axb5 cxb5 46. Ra7 a4 47. Kh7 Rxc3 48. h6 Rg3 49. Kh8 Kc5 50. Rg7 Rh3 51. h7 a3 52. Kg8 Rxh7 53. Rxh7 b4 54. Kg7 a2 55. Kg6 0-1

[Event "Early-Titled-Tuesday-Blitz-February-06-2024"]
[Site "Chess.com"]
[Date "2024.02.06"]
[Round "11"]
[White "Dinosaurio_1975"]
[Black "SHIVACalypso"]
[Result "0-1"]
[WhiteElo "2581"]
[BlackElo "2529"]
[TimeControl "180+1"]
[EndTime "10:06:48 PST"]
[Termination "SHIVACalypso won by resignation"]

1. e4 e6 2. d4 d5 3. e5 c5 4.
c3 Nc6 5. Nf3 Bd7 6. Be2 f6 7.
O-O fxe5 8. Nxe5 Nxe5 9. dxe5 Qc7 10. Re1 O-O-O 11. Bf1 Ne7 12. a4 Nf5 13. Na3 c4 14. b3 Bc5 15. bxc4 dxc4 16. Nxc4 Rhf8 17. Qc2 Bc6 18. Bf4 Bd5 19. Rad1 Nh4 20. Nd6+ Kb8 21.
Bg3 Nf5 22. Nxf5 Rxf5 23. c4 Bc6 24. Rxd8+ Qxd8 25. Bd3 Rf8 26. Bxh7 Qb6 27. Be4 Bxa4 28. Qe2 Bb3 29. Rb1 a5 30. h4 a4 31. Bc2 Qb4 32.
Bxb3 axb3 33. Kh1 Qc3 34. f3 Bd4 35. Rd1 b2 36. Qe4 Qc1 37. Qb1 Qxb1 38. Rxb1 Rc8 39.
f4 Rxc4 40. Kh2 Rc1 41. Rxb2 Bxb2 42. f5 exf5 43. e6+ Kc8 44. e7 Kd7 0-1

[Event "Early-Titled-Tuesday-Blitz-February-06-2024"]
[Site "Chess.com"]
[Date "2024.02.06"]
[Round "11"]
[White "ljuks68"]
[Black "ProChessWICTH"]
[Result "0-1"]
[WhiteElo "2428"]
[BlackElo "2524"]
[TimeControl "180+1"]
[EndTime "10:06:48 PST"]
[Termination "ProChessWICTH won on time"]

1. e4 c5 2. Nf3 e6 3. d4 cxd4 4.
Nxd4 a6 5. Bd3 Bc5 6. Nb3 Ba7 7. c4 Ne7 8. Nc3 O-O 9. O-O Nbc6 10. Bf4 e5 11.
Be3 Bxe3 12. fxe3 d6 13. Nd5 Be6 14. Rc1 Rc8 15. Qd2 Ng6 16. Be2 Nce7 17. Qb4 Bxd5 18.
cxd5 Qd7 19. Na5 b5 20. a4 bxa4 21. Bxa6 Rb8 22. Bb7 f5 23. exf5 Nxf5 24. Qg4 Rf7 25. e4 Nd4 26. Qxd7 Rxd7 27. Bc6 Ra7 28. Nc4 Ne2+ 29. Kh1 Nxc1 30. Rxc1 Rd8 31. g3 Ne7 32. Ne3 Rc8 33. Nf5 Nxf5 34. exf5 Rb7 35. Rc2 Rb4 36. Kg2 Kf8 37. Kf3 Ke7 38. g4 Rcb8 39. Rc3 Rc8 40. g5 Rcb8 0-1

[Event "Early-Titled-Tuesday-Blitz-February-06-2024"]
[Site "Chess.com"]
[Date "2024.02.06"]
[Round "11"]
[White "GMT4114"]
[Black "Irina_Mikhaylova"]
[Result "0-1"]
[WhiteElo "1988"]
[BlackElo "2292"]
[TimeControl "180+1"]
[EndTime "10:06:51 PST"]
[Termination "Irina_Mikhaylova won on time"]

1. e4 c5 2. Nc3 Nc6 3. Bb5 Nd4 4. Nf3 e6 5. O-O Ne7 6. Nxd4 cxd4 7. Ne2 Nc6 8. Bxc6 dxc6 9. d3 c5 10. f4 Be7 11. b3 O-O 12. Qe1 f5 13. e5 b6 14.
Bd2 Bb7 15. Kh1 Kh8 16. Ng1 Rg8 17. Nf3 Qd5 18. Qe2 g6 19. Rae1 h6 20. h4 Kh7 21.
Rf2 Rg7 22. Kh2 Rag8 23. Rh1 Qd8 24. Kg1 Bd5 25. Kf1 Rf7 26. Ke1 Kg7 27. Kd1 Kf8 28. g3 Ke8 29. Rg1 Qa8 30. Ne1 Kd7 31. Kc1 Rfg7 32.
Nf3 Bxf3 33. Qxf3 Qxf3 34. Rxf3 g5 35. hxg5 hxg5 36. Rh1 gxf4 37. gxf4 Rg1+ 38. Rxg1 Rxg1+ 39. Kb2 Rg4 40. Rh3 Rh4 41. Rxh4 Bxh4 42. Kc1 b5 43. Kd1 Kc6 44. Ke2 Kd5 45. Be1 Bd8 0-1

[Event "Early-Titled-Tuesday-Blitz-February-06-2024"]
[Site "Chess.com"]
[Date "2024.02.06"]
[Round "11"]
[White "GoValya"]
[Black "Happy1712Drummer"]
[Result "0-1"]
[WhiteElo "2279"]
[BlackElo "2395"]
[TimeControl "180+1"]
[EndTime "10:06:52 PST"]
[Termination "Happy1712Drummer won on time"]

1. d4 d5 2. g3 e6 3. Bg2 c5 4.
Nf3 cxd4 5. Nxd4 Nf6 6. O-O e5 7. Nb3 Be6 8. Bg5 Nc6 9. Nc3 d4 10. Ne4 Be7 11. Bxf6 Bxf6 12. Nbc5 Bc8 13. c3 O-O 14.
cxd4 Nxd4 15. Nxf6+ Qxf6 16. e3 Nc6 17. Qe2 Rb8 18. Rac1 Qg6 19. Rfd1 Bg4 20. Bf3 Bxf3 21. Qxf3 Rfe8 22. Rd7 e4 23. Qf4 Ne5 24. Rc7 b6 25.
Nxe4 Nd3 26. Qd6 Nxc1 27. Qxg6 hxg6 28. Nd6 Re6 29. Nxf7 Nd3 30. Ng5 Rd6 31. Kg2 Nc5 32. Ne4 Nxe4 33. Rxa7 Nc5 34. Re7 Rf8 35. g4 Re6 36.
Rc7 Ref6 37. f4 Re8 38. Kf3 Rfe6 39. f5 Rxe3+ 40. Kf2 gxf5 41. gxf5 R3e5 0-1

[Event "Early-Titled-Tuesday-Blitz-February-06-2024"]
[Site "Chess.com"]
[Date "2024.02.06"]
[Round "11"]
[White "JiiHart"]
[Black "deepfear"]
[Result "1-0"]
[WhiteElo "2141"]
[BlackElo "1968"]
[TimeControl "180+1"]
[EndTime "10:06:53 PST"]
[Termination "JiiHart won on time"]

1. e4 c5 2. c3 d5 3. exd5 Qxd5 4. d4 cxd4 5. cxd4 Nf6 6. Nc3 Qd8 7. Nf3 e6 8. Bd3 Nc6 9. O-O Be7 10. a3 O-O 11. Bc2 a6 12. Qd3 g6 13. Bh6 Re8 14. Rad1 b5 15. Rfe1 Bb7 16. h3 Qc7 17.
Qe2 Rad8 18. Bb3 Bf8 19. Bg5 Be7 20. Qd2 Na5 21. Ba2 Nc4 22. Qc1 Bxf3 23. gxf3 Qc6 24. Kg2 Rc8 25. Ne4 Nxe4 26. fxe4 f5 27. Bxe7 Rxe7 28.
Bxc4 bxc4 29. d5 exd5 30. exd5 Qb7 31. Rxe7 Qxe7 32. Re1 Qd6 33. Qd2 Rd8 34. Rd1 Re8 35. Qd4 Rd8 36. Qxc4 a5 37. b4 axb4 38. axb4 Qe5 39.
d6+ Kg7 40. d7 f4 41. Qd4 Qf6 42. Qxf6+ Kxf6 43. Kf3 g5 44. Kg4 h6 45. Kh5 1-0

[Event "Early-Titled-Tuesday-Blitz-February-06-2024"]
[Site "Chess.com"]
[Date "2024.02.06"]
[Round "11"]
[White "NovozhilovSemen"]
[Black "Kotlyar_K"]
[Result "1-0"]
[WhiteElo "2676"]
[BlackElo "2502"]
[TimeControl "180+1"]
[EndTime "10:06:54 PST"]
[Termination "NovozhilovSemen won by checkmate"]

1. d4 Nf6 2. Nf3 c5 3. d5 e6 4.
c4 exd5 5. cxd5 d6 6. Nc3 g6 7. h3 Bg7 8. e4 O-O 9. Bd3 b5 10. Bxb5 Nxe4 11. Nxe4 Qa5+ 12. Nfd2 Qxb5 13. Nxd6 Qa6 14.
N2c4 Nd7 15. O-O Ne5 16. Nxe5 Bxe5 17. Nxc8 Raxc8 18. Re1 Bd4 19. Bf4 Qb7 20. d6 Qxb2 21.
Qf3 Qc3 22. Qd5 Qc2 23. Bg3 Bxa1 24. Rxa1 Qf5 25. Qd2 Rfd8 26. Rd1 Rd7 27. Re1 c4 28. Qc3 Qd5 29. Qf6 Qf5 30. Qc3 h6 31. Rd1 Kh7 32.
Rd4 Qe6 33. Rh4 g5 34. Rd4 Qf6 35. Qc2+ Qg6 36. Qc3 Qe6 37. h4 f5 38. hxg5 hxg5 39. Qc2 Kg6 40. f4 Rxd6 41. Rxd6 Qxd6 42. Qa4 Qd1+ 43.
Qxd1 c3 44. Qc2 Rc4 45. fxg5 Kxg5 46. Be1 f4 47. Bxc3 Rc5 48. Bf6+ Kg4 49. Qxc5 f3 50. Qg5# 1-0

[Event "Early-Titled-Tuesday-Blitz-February-06-2024"]
[Site "Chess.com"]
[Date "2024.02.06"]
[Round "11"]
[White "CristianS27"]
[Black "ValentinDragnev"]
[Result "0-1"]
[WhiteElo "2571"]
[BlackElo "2751"]
[TimeControl "180+1"]
[EndTime "10:06:54 PST"]
[Termination "ValentinDragnev won on time"]

1. e4 e5 2. Nf3 Nf6 3. Nxe5 d6 4. Nf3 Nxe4 5. d4 d5 6. Bd3 Bd6 7. O-O O-O 8. c4 c6 9. cxd5 cxd5 10. Nc3 Re8 11. Re1 Nxc3 12. Rxe8+ Qxe8 13. bxc3 h6 14. Rb1 Nd7 15. c4 dxc4 16. Bxc4 Nb6 17. Bb3 Be6 18. d5 Bg4 19. Be3 Rc8 20. h3 Bf5 21. Rc1 Rxc1 22. Qxc1 Qe4 23. Nd4 Bd7 24. Nc2 Qe5 25. f4 Qe4 26.
Qd2 Nc4 27. Bxc4 Qxc4 28. Bxa7 Bxf4 29. Qd4 Qxa2 30. Qxf4 Qxa7+ 31. Kh2 Qa4 32. Qc7 Be8 33. Ne3 Qd7 34. d6 b5 35. Nd5 Qe6 36. Ne7+ Kh7 37.
Qd8 Qd7 38. Qxd7 Bxd7 39. Nd5 Be6 40. Kg3 Kg6 41. Kf4 f6 42. Nb6 b4 43. Ke4 Kf7 0-1

[Event "Early-Titled-Tuesday-Blitz-February-06-2024"]
[Site "Chess.com"]
[Date "2024.02.06"]
[Round "11"]
[White "FARIZA2018"]
[Black "Balla_Tamas"]
[Result "0-1"]
[WhiteElo "2511"]
[BlackElo "2419"]
[TimeControl "180+1"]
[EndTime "10:06:54 PST"]
[Termination "Balla_Tamas won on time"]

1. e4 c5 2. Nf3 Nc6 3. d4 cxd4 4. Nxd4 e5 5. Nb5 d6 6. c4 Be7 7. Be3 f5 8. exf5 Bxf5 9. N1c3 Nf6 10. Nd5 Nxd5 11.
cxd5 Nb4 12. Rc1 Rc8 13. Nc3 O-O 14. a3 Na6 15. Bxa6 bxa6 16. O-O Bg5 17. Qd2 Bxe3 18. Qxe3 Qh4 19. Ne2 Rce8 20. Ng3 Bd7 21. Qxa7 Bb5 22. Rfe1 Rf7 23. Rc7 Ref8 24. Rxf7 Rxf7 25. Qb8+ Rf8 26. Qxd6 Qd4 27. Qe6+ Kh8 28. Qxe5 Qxf2+ 29. Kh1 Bf1 30.
Qe4 Bxg2+ 31. Qxg2 Qxe1+ 32. Qg1 Qe5 33. Qd1 Rd8 34.
Qd3 Qxd5+ 35. Qxd5 Rxd5 36. Ne4 Rd4 37. Nc5 Rd1+ 38.
Kg2 Rd2+ 39. Kg3 Rxb2 40. Nxa6 Rb3+ 41. Kg2 Rxa3 42. Nc5 g5 43. Ne4 h6 44. Nd6 Kg7 45. Nf5+ Kg6 46. Ne7+ Kf6 47. Nd5+ Kf5 48. Ne7+ Kg4 0-1

[Event "Early-Titled-Tuesday-Blitz-February-06-2024"]
[Site "Chess.com"]
[Date "2024.02.06"]
[Round "11"]
[White "tolia123"]
[Black "Roedor"]
[Result "1-0"]
[WhiteElo "2180"]
[BlackElo "2311"]
[TimeControl "180+1"]
[EndTime "10:06:55 PST"]
[Termination "tolia123 won by checkmate"]

1. d4 Nf6 2. Nc3 d5 3. Bf4 g6 4. Qd2 c6 5. O-O-O b5 6. e3 Nbd7 7. f3 Qa5 8. Kb1 Nb6 9. Nxd5 Qxd2 10. Nxf6+ exf6 11. Rxd2 Nd5 12. Bg3 f5 13. e4 fxe4 14.
fxe4 Nf6 15. Bd3 Bh6 16. Rf2 Ng4 17. Re2 O-O 18. h3 Ne3 19. Nf3 Be6 20. b3 f5 21.
Rhe1 f4 22. Bf2 Nxg2 23. Rg1 Ne3 24. Ne5 Rac8 25. h4 f3 26. Rxe3 Bxe3 27. Bxe3 f2 28.
Rf1 Bh3 29. Rxf2 Rxf2 30. Bxf2 Kg7 31. Bg3 Kf6 32. d5 cxd5 33. exd5 Bf5 34. Bxf5 Kxf5 35.
Nc6 Kg4 36. Bf2 Kf3 37. Bxa7 h6 38. c4 bxc4 39. bxc4 g5 40. hxg5 hxg5 41. Ne5+ Ke4 42. Nf7 g4 43. d6 g3 44. d7 Ra8 45. d8=Q Rxd8 46. Nxd8 Kd3 47. c5 g2 48. c6 Kc4 49.
c7 Kb5 50. c8=Q Ka4 51. Qc4+ Ka5 52. Nb7# 1-0

[Event "Early-Titled-Tuesday-Blitz-February-06-2024"]
[Site "Chess.com"]
[Date "2024.02.06"]
[Round "11"]
[White "Barath1308"]
[Black "arnash_bauyrzhan"]
[Result "1-0"]
[WhiteElo "2391"]
[BlackElo "2265"]
[TimeControl "180+1"]
[EndTime "10:06:56 PST"]
[Termination "Barath1308 won on time"]

1. b3 Nc6 2. Bb2 e5 3. c4 Nf6 4. e3 d5 5. cxd5 Nxd5 6. a3 Be7 7. Qc2 Be6 8. Nf3 f6 9. b4 a6 10. d3 O-O 11. Nbd2 Qe8 12. Be2 Rd8 13. O-O Qg6 14. Kh1 Kh8 15. Ne4 Qf7 16. Rg1 Bd6 17.
g4 Nde7 18. Rg3 Bd5 19. Rag1 Ng6 20. Rh3 Nce7 21. Rgg3 b6 22. Kg1 c5 23. bxc5 bxc5 24. Nfd2 f5 25. Ng5 Qe8 26. Nxh7 Kg8 27. gxf5 Rxf5 28. e4 Nf4 29. Bg4 Nxh3+ 30. Rxh3 Rf4 31. f3 Qg6 32. exd5 Nf5 33. Ne4 Rxg4+ 34. fxg4 Qxg4+ 35. Qg2 Qd1+ 36. Qf1 Qg4+ 37. Ng3 Ne3 38. Nf6+ gxf6 39. Qxf6 Qxh3 40. Qxd8+ Bf8 41. Qg5+ Bg7 42. Qxe3 Qg4 43. Bxe5 Qd1+ 44. Kg2 Qc2+ 45. Kh3 Qb3 46. Qg5 1-0

[Event "Early-Titled-Tuesday-Blitz-February-06-2024"]
[Site "Chess.com"]
[Date "2024.02.06"]
[Round "11"]
[White "bilosuvenosu06"]
[Black "Muracle"]
[Result "1-0"]
[WhiteElo "2584"]
[BlackElo "2473"]
[TimeControl "180+1"]
[EndTime "10:06:58 PST"]
[Termination "bilosuvenosu06 won on time"]

1. d4 Nf6 2. c4 e6 3. Nc3 Bb4 4. e3 c5 5. a3 Bxc3+ 6. bxc3 O-O 7. Bd3 Nc6 8. Nf3 d6 9. O-O e5 10. d5 Ne7 11. e4 Ng6 12. Qe2 h6 13. Be3 Nh5 14.
Qd2 Bg4 15. Ne1 Nhf4 16. f3 Bd7 17. Bc2 Qf6 18. g3 Nh3+ 19. Kh1 Rae8 20. Bd3 Kh8 21. Ng2 Rg8 22. Bxh6 Kh7 23. Be3 Rh8 24. f4 Kg8 25. f5 Ne7 26. Be2 g5 27. Bg4 Qh6 28.
Ne1 f6 29. Qg2 Kg7 30. Nf3 Rh7 31. Bxh3 Qxh3 32. Qxh3 Rxh3 33. Nxg5 fxg5 34. f6+ Kg6 35. fxe7 Rxe7 36. Kg2 Reh7 37. Bg1 R3h6 38. Rf2 Bh3+ 39. Kh1 Rf7 40. Raa2 Rxf2 41. Rxf2 Kg7 42. Rf3 b6 43. Be3 Bg4 44. Rf2 Rf6 45. Kg2 Kg6 46. Rxf6+ Kxf6 47. h3 Be2 48. Kf2 Bxc4 49. Kf3 Bd3 50. Bd2 a5 51. Bc1 b5 52. Bd2 Bc2 53. Ke3 Kg6 54. Kf3 Kf6 55. Bc1 Bd1+ 56. Ke3 Kg6 57. Kd2 Bf3 58.
Ke3 Bg2 59. h4 gxh4 60. gxh4 Kh5 61. c4 bxc4 62. Bd2 a4 63. Ba5 Kxh4 64. Bc7 c3 65.
Bxd6 Bxe4 66. Be7+ 1-0